 Dungeon Crawl Stone Soup version 0.28-a0-1524-ge72afd5fc6 (webtiles) character file.

Game seed: 775700464370253911

788 Zonian the Ducker (level 8, 0/50 HPs)
             Began as a Djinni Ice Elementalist on Jan 17, 2022.
             Was an Initiate of Ashenzari.
             Slain by an iguana (8 damage)
             ... on level 5 of the Dungeon.
             The game lasted 00:13:06 (7862 turns).

Zonian the Ducker (Djinni Ice Elementalist)         Turns: 7862, Time: 00:13:06

Health: 0/50       AC:  6    Str:  7    XL:     8   Next: 12%
Gold:   70         EV: 14    Int: 18    God:    Ashenzari [......] SH:  0 Dex: 21

rFire   + + .      SeeInvis .   l - +2 dagger (venom)
rCold   x . .      Faith    .   (no shield)
rNeg    + . .      Spirit   .   g - +3 leather armour of Classification {rN+ Stlth+}
rPois   ∞          Reflect  .   (no helmet)
rElec   .          Harm     .   (no cloak)
rCorr   .          Rampage  .   (no gloves)
Will    .....                   (boots unavailable)
Stlth   ++++......              (no amulet)
HPRegen 0.16/turn               n - +6 ring of dexterity
MPRegen 0.00/turn               (no ring)

@: flying
A: sickness immunity, fire resistance 2, cold vulnerability 1, float, innate
caster, hp casting, extra vitality 1
a: Renounce Religion


You were on level 5 of the Dungeon.
You worshipped Ashenzari.
Ashenzari was noncommittal.
You visited 2 branches of the dungeon, and saw 6 of its levels.

You collected 200 gold pieces.
You spent 130 gold pieces at shops.

Inventory:

Hand Weapons
 d - a +0 hand axe of electrocution
 h - a +0 short sword
 i - a +1 whip of electrocution
 l - a +2 dagger of venom (weapon)
 m - a +0 hunting sling
 o - a +2 dagger of speed
 q - a +2 falchion of holy wrath
Armour
 a - a +1 robe
 g - the +3 leather armour of Classification (worn) {rN+ Stlth+}
   (You found it on level 2 of the Dungeon)

   rN:        It protects you from negative energy.
   Stlth:     It makes you more stealthy.
Jewellery
 n - a +6 ring of dexterity (left hand)
Wands
 j - a wand of polymorph (12)
 r - a wand of charming (2)
Scrolls
 e - a scroll of enchant armour
 p - a scroll of identify
 t - 2 scrolls of amnesia
Potions
 b - a potion of haste {unknown}
 f - a potion of curing
 k - 2 potions of lignification {unknown}
 s - 2 potions of heal wounds


   Skills:
 + Level 2.1 Short Blades
 + Level 3.3 Armour
 + Level 5.0 Dodging
 + Level 3.9 Stealth
 + Level 4.5 Spellcasting


You couldn't memorise any spells.
You knew the following spells:

 Your Spells              Type           Power      Damage    Failure   Level
a - Freeze                Ice            80%        1d9       3%          1
b - Frozen Ramparts       Ice            40%        1d6       10%         3
c - Ozocubu's Armour      Ice            20%        N/A       10%         3
d - Hailstorm             Conj/Ice       20%        3d6       30%         4
e - Slow                  Hex            80%        N/A       3%          1
f - Ensorcelled Hibernat  Hex/Ice        40%        N/A       4%          2
g - Gell's Gravitas       Tloc           20%        N/A       10%         3
Your spell library was empty.

Dungeon Overview and Level Annotations

Branches:
Dungeon (5/15)             Temple (1/1) D:4

Altars:
Ashenzari
Cheibriados
Dithmenos
Elyvilon
Fedhas
Gozag
Hepliaklqana
Kikubaaqudgha
Makhleb
Nemelex Xobeh
Okawaru
Qazlal
Ru
Sif Muna
Trog
Uskayaw
Vehumet
Wu Jian
Xom
Yredelemnul
Zin
The Shining One

Shops:
D:5 (![


Innate Abilities, Weirdness & Mutations

You are immune to sickness and miasma.
You are immune to poison.
Your flesh is very heat resistant. (rF++)
You are vulnerable to cold. (rC-)
You float through the air rather than walking.
You learn spells naturally, not from books.
Your magical power is your life essence.
You have superior vitality. (+4 MHP)


Message History

The orc priest is severely wounded.
The orc priest casts a cantrip, but nothing happens.
Casting: Freeze (safe; 3% risk of failure)
Confirm with . or Enter, or press ? or * to list all spells.
Aiming: Freeze (safe; 3% risk of failure)
Press: ? - help, Shift-Dir - straight line, f - orc priest
Aim: an orc priest, wielding a +0 dagger (almost dead, very poisoned)
You freeze the orc priest.
You kill the orc priest!
Your Dodging skill increases to level 5!
Unknown command.
You closely miss the orc. The orc barely misses you.
You hit the orc.
The orc is moderately wounded.
The orc misses you.
You hit the orc.
The orc is poisoned.
The orc is almost dead.
You kill the orc!
You hit the iguana but do no damage. The iguana barely misses you.
Unknown command.
Casting: Freeze (safe; 3% risk of failure)
Confirm with . or Enter, or press ? or * to list all spells.
Aiming: Freeze (safe; 3% risk of failure)
Press: ? - help, Shift-Dir - straight line, f - iguana
Aim: an iguana You freeze the iguana!
The iguana is heavily wounded.
The iguana seems to slow down.
The iguana bites you but does no damage.
You hit the iguana.
The iguana is poisoned.
The iguana is severely wounded.
You hit the iguana but do no damage.
The iguana is severely wounded.
The iguana bites you!
* * * LOW HITPOINT WARNING * * *
Unknown command.
You hit the iguana but do no damage.
The iguana looks as sick as possible!
The iguana is severely wounded.
The iguana bites you!
You die...

........# ........#
........##########
.................#########
.........................##
....................####..#
.......)###...............#
........#...############..#
........'...#...@l.....#..#
[.......#...#.########.#.##
........#...#.#......#.#.#
........#...#.#.####.#.#.#
........###.#.#.#.∩#.#.#.#
.........##.#.#.#.##.#.#.#
.......<.##.#.#.#....#.#.#
.........##.#)#.######,#.#
........###.#.#,.....,,#.#


You could see an iguana (extremely poisoned, slow).

Vanquished Creatures
  A sky beast (D:5)
  A phantom (D:4)
  A water moccasin zombie (D:5)
  2 scorpions (D:4)
  A bullfrog zombie (D:5)
  A hound (D:5)
  3 orc priests
  2 iguanas (D:4)
  Ijyb (D:3)
  2 orc wizards
  A hound skeleton (D:5)
  4 adders
  A shadow imp (D:3)
  2 ufetubi (D:5)
  An adder skeleton (D:4)
  10 orcs
  7 endoplasms
  3 giant cockroaches
  11 goblins
  11 hobgoblins
  2 jackals (D:3)
  4 quokkas
  A ball python (D:3)
  8 bats
  2 frilled lizards (D:3)
  A jackal skeleton (D:4)
  9 kobolds
  3 rats
96 creatures vanquished.

Notes
Turn   | Place    | Note
-------+----------+-------------------------------------------
     0 | D:1      | Zonian the Djinni Ice Elementalist began the quest for the
                  | Orb.
     0 | D:1      | Reached XP level 1. HP: 15/15 MP: 0/0
   361 | D:1      | Found a faded altar of an unknown god.
   482 | D:1      | Reached XP level 2. HP: 19/21 MP: 0/0
  1552 | D:2      | Reached XP level 3. HP: 25/25 MP: 0/0
  1552 | D:2      | Learned a level 1 spell: Slow
  1626 | D:2      | Reached skill level 3 in Dodging
  1810 | D:2      | Identified the +3 leather armour of Classification {rN+
                  | Stlth+}
  2883 | D:3      | Found a shadowy altar of Dithmenos.
  2934 | D:3      | Reached XP level 4. HP: 24/31 MP: 0/0
  3568 | D:3      | Noticed Ijyb
  3912 | D:3      | Killed Ijyb
  3913 | D:3      | Reached skill level 1 in Armour
  3913 | D:3      | Reached XP level 5. HP: 35/35 MP: 0/0
  3913 | D:3      | Learned a level 2 spell: Ensorcelled Hibernation
  4614 | D:4      | Reached XP level 6. HP: 12/40 MP: 0/0
  4849 | D:4      | Reached skill level 4 in Dodging
  6017 | D:4      | Found a staircase to the Ecumenical Temple.
  6026 | D:4      | Reached skill level 1 in Short Blades
  6026 | D:4      | Reached XP level 7. HP: 45/45 MP: 0/0
  6026 | D:4      | Learned a level 3 spell: Gell's Gravitas
  6028 | Temple   | Entered the Ecumenical Temple
  6076 | Temple   | Became a worshipper of Ashenzari the Shackled
  6238 | D:5      | Entered Level 5 of the Dungeon
  7519 | D:5      | Found Pimyeggoapn's Distillery.
  7528 | D:5      | Bought 2 potions of heal wounds for 130 gold pieces
  7543 | D:5      | Reached XP level 8. HP: 49/50 MP: 0/0
  7725 | D:5      | Found Abbaozu's Weapon Boutique.
  7768 | D:5      | Found Sarphod's Armour Emporium.
  7855 | D:5      | Reached skill level 5 in Dodging
  7862 | D:5      | Slain by an iguana

Illustrated notes

Levels and vault maps discovered:
D:1:      psy_arrival_dodecagon, layout_rooms, basic_ecumenical_altar
D:2:      layout_basic, basic_altar
D:3:      layout_basic, mainiacjoe_overflow_paths, uniq_ijyb
D:4:      layout_basic, minmay_temple_entry_proselytizer, minmay_fountain_box,
          minmay_goblin_outpost
D:5:      layout_gridville, serial_shops, nicolae_inconvenience_store,
          nicolae_shop_bloodbath_and_beyond, shop, corexii_shack,
          chequers_serial_rivers_micro_b
Temple:   grunt_wide_crystal_templ

Skill      XL: |  1  2  3  4  5  6  7  8 |
---------------+-------------------------+-----
Stealth        | 2 3 |  3.9
Dodging        | 3 4 5 |  5.0
Armour         | 1 2 3 |  3.3
Spellcasting   | 4 |  4.5
Short Blades   | 1 2 |  2.1

Action                   |  1- 3 |  4- 6 |  7- 9 || total
-------------------------+-------+-------+-------++-------
Melee: Unarmed           |     6 |    11 |       ||    17
       Hand axe          |    16 |       |       ||    16
       Short sword       |    24 |     6 |       ||    30
       Whip              |       |     9 |     5 ||    14
       Dagger            |       |    97 |    90 ||   187
       Punch             |       |     3 |     1 ||     4
       Falchion          |       |       |     7 ||     7
 Cast: Freeze            |    38 |    23 |     3 ||    64
       Ozocubu's Armour  |       |     1 |       ||     1
Evoke: Wand              |       |     2 |       ||     2
  Use: Scroll            |     1 |     5 |     2 ||     8
 Stab: Sleeping          |     2 |     2 |     1 ||     5
       Confused          |       |     2 |       ||     2
Armor: Robe              |     6 |       |       ||     6
       Leather armour    |    14 |    35 |    25 ||    74
       Skin              |       |     2 |       ||     2
Dodge: Dodged            |    37 |    62 |    52 ||   151

Table legend: (Time is in decaauts)
 A = Elapsed time spent in this place.
 B = Non-inter-level travel time spent in this place.
 C = Inter-level travel time spent in this place.
 D = Time resting spent in this place.
 E = Time spent auto-exploring this place.
 F = Levels seen in this place.
 G = Mean time per level.
                   A        B        C        D        E       F      G
               +--------+--------+--------+--------+--------+-----+--------+
         Total |   7853 |   7728 |    125 |   3794 |   2734 |   6 | 1308.8 |
       Dungeon |   7787 |   7679 |    108 |   3794 |   2708 |   5 | 1557.4 |
        Temple |     65 |     48 |     17 |      0 |     26 |   1 |   65.0 |
               +--------+--------+--------+--------+--------+-----+--------+

Top non-repeatable levels by time:
     D:2: 2239 daAuts
     D:4: 1748 daAuts
     D:3: 1497 daAuts
     D:5: 1435 daAuts
     D:1: 867 daAuts
  Temple: 65 daAuts
